 Dungeon Crawl Stone Soup version 0.18.1-6-gd335043 (webtiles) character file.

213 HungrySpirit the Insei (level 5, -2/36 HPs)
             Began as an Octopode Skald on May 18, 2016.
             Slain by an orc wizard
             ... wielding a +3 dagger of protection
              (3 damage)
             ... on level 3 of the Dungeon.
             The game lasted 00:04:14 (3784 turns).

HungrySpirit the Insei (Octopode Skald)             Turns: 3784, Time: 00:04:15

Health: -2/36      AC:  1    Str: 12    XL:     5   Next: 90%
Magic:  8/8        EV: 13    Int: 14    God:
Gold:   108        SH:  0    Dex: 12    Spells: 1 memorised, 7 levels left

rFire  . . .     SeeInvis .     o - -1 dagger (curse)
rCold  . . .     Gourm    .     (no shield)
rNeg   . . .     Faith    .     (helmet restricted)
rPois  .         Spirit   .     (no amulet)
rElec  .         Dismiss  .     (no ring)
rCorr  .         Reflect  .     (no ring)
SustAt .         Harm     .     (no ring)
MR     .....                    (no ring)
Stlth  ++........               (no ring)
                                (no ring)
                                (no ring)
                                (no ring)

@: not resistant to hostile enchantments, unstealthy
A: almost no armour, amphibious, 8 rings, constrict 8, camouflage 1, gelatinous
body 1
a: no special abilities


You were on level 3 of the Dungeon.
You were hungry.

You visited 1 branch of the dungeon, and saw 3 of its levels.

You collected 108 gold pieces.

Inventory:

Hand Weapons
 o - a cursed -1 dagger (weapon)
Jewellery
 k - an uncursed amulet of magic regeneration {unknown}
Scrolls
 g - 2 scrolls of identify
Potions
 c - a potion of curing
 f - 2 potions of flight {unknown}
 i - a potion of degeneration {unknown}
 j - 2 potions of might {unknown}
 n - a potion of berserk rage {unknown}
Books
 a - a book of Battle

   Spells                             Type                      Level
   a - Infusion                       Charms                       1
   b - Shroud of Golubria             Charms/Translocation         2
   c - Song of Slaying                Charms                       2
   d - Spectral Weapon                Hexes/Charms                 3
   e - Regeneration                   Charms/Necromancy            3
Comestibles
 b - a bread ration
 d - a chunk of flesh
 m - a meat ration


   Skills:
 + Level 3.5 Fighting
 + Level 3.0 Dodging
 * Level 4.3 Unarmed Combat
 - Level 2.0 Spellcasting
 - Level 3.0 Charms


You had 7 spell levels left.
You knew the following spells:

 Your Spells              Type           Power        Failure   Level  Hunger
a - Infusion              Chrm           #...         10%         1    ##.....


Dungeon Overview and Level Annotations

Branches:
Dungeon (3/15)

Altars:
Gozag
Nemelex Xobeh
Okawaru
Pakellas

Annotations:
D:3 Thrillho's ghost, novice KoBe


Innate Abilities, Weirdness & Mutations

You cannot wear most types of armour.
You are amphibious.
You can wear up to eight rings at the same time.
You can use your tentacles to constrict eight enemies at once.
Your skin changes colour to match your surroundings (Stealth).
Your rubbery body absorbs attacks (AC +1).


Message History

Something hits you. x2
* * * LOW HITPOINT WARNING * * *
The rat bites you.
* * * LOW HITPOINT WARNING * * *
You are too injured to fight recklessly!
You are too injured to fight recklessly!
The rat moves out of view.
Things that are here:
a club; an orc corpse You barely miss something.
You tentacle-slap something. Something hits you.
* * * LOW HITPOINT WARNING * * *
Something hits you but does no damage.
You miss something. Something hits you.
* * * LOW HITPOINT WARNING * * *
You hit something but do no damage.
Something hits you but does no damage. x2
You closely miss something. Something hits you.
* * * LOW HITPOINT WARNING * * *
You hit something but do no damage. Your squeeze misses something.
Something hits you.
You die...

,,,* *,,,**,,,,,,,,#..........
,,,*** *,,,**,#+#*#######.......
,,,,,***#...+,,#.# #.....########
**,,,,,,....##*#.# #.###.########
*,,,,,,,.....,#.# #.#.........##
***,,,,,,....##.# #....######.##
*,,,,,,,,,#...#.# ###.## #.##
**,*,,,,.####..#.#####.#######...
*,,,*,,,....<..#@............####
*,,,*,******#..)######.#####.#.W.
*,,,*,* #..w# #.# #.#.##
*,,,*+**** #...# #.# #.#'##
*,,,,,,,,* #...######.#####.....
*,,,,,,,,* ##.###.W<#...........
**,*,,,,,* #.###.###..#####....
*,*,,,,,* #.#........# #####
*,,,,,,,* #.#.#.####.#**##....


You could see a worm.

Vanquished Creatures
  A hound (D:3)
  Ijyb (D:2)
  A worker ant (D:3)
  3 gnolls (D:3)
  3 adders
  3 giant geckos
  3 orcs (D:3)
  4 giant cockroaches
  6 goblins
  9 hobgoblins
  7 jackals (D:2)
  A quokka (D:2)
  A ball python (D:3)
  12 bats
  3 giant newts
  7 kobolds
  8 rats
73 creatures vanquished.

Notes
Turn   | Place    | Note
--------------------------------------------------------------
     0 | D:1      | HungrySpirit the Octopode Skald began the quest for the Orb.
     0 | D:1      | Reached XP level 1. HP: 14/14 MP: 3/3
   216 | D:1      | Reached XP level 2. HP: 12/20 MP: 5/5
   887 | D:1      | Reached XP level 3. HP: 25/25 MP: 6/6
  1133 | D:2      | Noticed Ijyb
  1142 | D:2      | Killed Ijyb
  1142 | D:2      | Reached skill level 3 in Unarmed Combat
  1320 | D:2      | Reached XP level 4. HP: 27/31 MP: 7/7
  2358 | D:3      | Noticed Thrillho's ghost (novice KoBe)
  2464 | D:3      | Found a sparkling altar of Nemelex Xobeh.
  2465 | D:3      | Found an opulent altar of Gozag.
  2697 | D:3      | Found a faded altar to an unknown god.
  2789 | D:3      | Found an oddly glowing altar of Pakellas.
  2789 | D:3      | Found an iron altar of Okawaru.
  2814 | D:3      | Reached XP level 5. HP: 19/36 MP: 8/8
  3341 | D:3      | Reached skill level 4 in Unarmed Combat
  3783 | D:3      | HP: 1/36 [something (3)]
  3784 | D:3      | Slain by an orc wizard

Skill      XL: |  1  2  3  4  5 |
---------------+----------------+-----
Fighting       | 3 |  3.5
Dodging        | 2 3 |  3.0
Unarmed Combat | 3 4 |  4.3
Spellcasting   | |  2.0
Charms         | |  3.0

Action                   |  1- 3 |  4- 6 || total
-------------------------+-------+-------++-------
Melee: Unarmed           |    71 |   101 ||   172
       Constrict         |    22 |    31 ||    53
       Punch             |     4 |     3 ||     7
       Tentacles         |    10 |    23 ||    33
       Dagger            |       |    23 ||    23
 Cast: Infusion          |       |     2 ||     2
  Use: Scroll            |       |     5 ||     5
 Stab: Sleeping          |     4 |     6 ||    10
       Distracted        |       |     1 ||     1
  Eat: Chunk             |     1 |     6 ||     7
       Beef jerky        |       |     1 ||     1
Armor: Skin              |    15 |    10 ||    25
Dodge: Dodged            |    33 |    72 ||   105
